 Dungeon Crawl Stone Soup version 0.31-a0-1370-gf52a5a9ab3 (webtiles) character file.

Game seed: 493978132119275832

643 Sonofthefire the Trooper (level 7, 0/54 HPs)
             Began as an Octopode Shapeshifter on Dec 24, 2023.
             Was a Follower of Qazlal.
             Slain by a gnoll
             ... wielding a +2 whip of freezing
             ... led by a gnoll bouda
              (7 damage)
             ... on level 6 of the Dungeon.
             The game lasted 00:04:29 (4288 turns).

Sonofthefire the Trooper (Octopode Shapeshifter)    Turns: 4288, Time: 00:04:29

Health: 0/54       AC:  1    Str: 15    XL:     7   Next: 51%
Magic:  7/7        EV: 14    Int: 12    God:    Qazlal [*.....]
Gold:   363        SH:  2    Dex: 12    Spells: 6/6 levels left

rFire   . .          .
                       - Unarmed
rCold   . . .        (no shield)
rNeg    . . .        (helmet currently unavailable)
rPois   .            (no amulet)
rElec   .            m - ring of resist corrosion
rCorr   +            (no ring)
SInv    .            (no ring)
Will    .....        (no ring)
Stlth   ++           (no ring)
HPRegen 0.29/turn    (no ring)
MPRegen 0.10/turn    (no ring)
                     (no ring)

%: no passive effects
@: beast-form
A: beast (slay +1), almost no armour, amphibious, 8 rings, camouflage 1,
gelatinous body 1, (nimble swimmer 1), tentacles
a: Begin Untransformation, Renounce Religion


You were on level 6 of the Dungeon.
You worshipped Qazlal.
Qazlal was aware of your devotion.
You were a hulking beast.
You visited 1 branch of the dungeon, and saw 6 of its levels.

You collected 363 gold pieces.

Inventory:

Missiles
 q - 2 throwing nets
Jewellery
 j - a ring of ice
 m - a ring of resist corrosion (left tentacle)
 r - a +6 ring of strength
Talismans
 b - a beast talisman
 c - a flux talisman
Wands
 p - a wand of charming (13)
 w - a wand of digging (2)
 x - a wand of acid (9)
 y - a wand of mindburst (9)
 A - a wand of roots (6)
Scrolls
 d - 6 scrolls of identify {unknown}
 k - a scroll of immolation {unknown}
 l - a scroll of poison {unknown}
 n - 2 scrolls of noise {unknown}
 o - 3 scrolls of teleportation {unknown}
 s - 2 scrolls of amnesia {unknown}
 t - a scroll of enchant weapon {unknown}
 v - 3 scrolls of summoning {unknown}
Potions
 a - a potion of lignification
 e - a potion of curing {unknown}
 f - a potion of degeneration {unknown}
 g - 2 potions of mutation {unknown}
 h - a potion of brilliance {unknown}
 i - a potion of invisibility {unknown}
 u - a potion of cancellation {unknown}
 z - a potion of enlightenment {unknown}


   Skills:
 - Level 7.1 Fighting
 + Level 4.0 Dodging
 - Level 3.0 Unarmed Combat
 - Level 3.0 Shapeshifting


You had 6 spell levels left.
You didn't know any spells.
Your spell library contained the following spells:

 Spells                   Type           Power      Damage    Failure   Level
 Apportation              Tloc           0%         N/A       32%         1
 Summon Small Mammal      Summ           0%         N/A       32%         1
 Static Discharge         Conj/Air       0%         3-3/arc   45%         2
 Call Canine Familiar     Summ           0%         N/A       69%         3
 Summon Guardian Golem    Hex/Summ       0%         N/A       69%         3
 Airstrike                Air            0%         2d(0-16)  97%         4
 Summon Lightning Spire   Summ/Air       0%         N/A       97%         4


Dungeon Overview and Level Annotations

Branches:
Dungeon (6/15)             Temple (0/1) D:5

Altars:
Dithmenos
Gozag
Qazlal
Sif Muna
The Shining One


Innate Abilities, Weirdness & Mutations

You are a hulking beast.
Your limbs bulge with bestial killing power. (Slay +1)
You cannot wear most types of armour.
You are amphibious.
You can wear up to eight rings at the same time.
Your skin changes colour to match your surroundings (Stealth+).
Your rubbery body absorbs attacks. (AC +1, EV +1)
((You are camouflaged when in or above water. (Stealth+)))
You have tentacles for arms and can constrict up to eight enemies at once.


Message History

The gnoll hits you from afar with a +1 halberd of freezing!
The gnoll freezes you.
The gnoll bouda barks out a call to the hunt!
The gnolls pick up the pace!
The gnoll closely misses you.
You see here a +0 whip.
You closely miss the gnoll. You grab the gnoll. You constrict the gnoll.
The gnoll hits you with a +1 halberd of freezing.
* * * LOW HITPOINT WARNING * * *
The gnoll freezes you.
* * * LOW HITPOINT WARNING * * *
You completely miss the gnoll. You squeeze the gnoll.
The gnoll is lightly wounded.
You constrict the gnoll. The gnoll closely misses you.
You release your grip on the gnoll.
You hear the slow rusting of a very distant drain.
Okay, then.
The gnoll bouda gazes fiercely through you!
You feel your attacks grow feeble.
The gnoll bouda calls upon its god to heal the gnoll.
The gnoll's wounds heal themselves!
The gnoll bouda barks out a call to the hunt!
The gnoll picks up the pace!
Your attacks no longer feel as feeble.
The gnoll is no longer moving quickly.
The gnoll attacks as it pursues you!
The gnoll hits you with a +2 whip of freezing.
* * * LOW HITPOINT WARNING * * *
The gnoll freezes you.
* * * LOW HITPOINT WARNING * * *
Okay, then.
The gnoll attacks as it pursues you!
The gnoll hits you with a +2 whip of freezing.
* * * LOW HITPOINT WARNING * * *
The gnoll freezes you.
* * * LOW HITPOINT WARNING * * *
The gnoll bouda barks out a call to the hunt!
The gnolls pick up the pace!
The gnoll hits you with a +2 whip of freezing!
You die...

......
#.....#..#
...#
##....###.#
..##
#.....# .#
###
##....## #
# #....##
#....#
##...##
#...##
##.h##
##..g#
#.°.##
##..g#
#...##
##..## #
##g..# ###
#g..##
..###
##...#


You could see a gnoll bouda and 3 gnolls.

Vanquished Creatures
  A centaur (D:6)
  An ogre (D:5)
  2 hounds
  An orc priest (D:5)
  2 jellies
  Natasha (thrice) (D:2)
  2 orc wizards (D:5)
  8 adders
  4 gnolls
  A white imp (D:5)
  A bombardier beetle (D:4)
  2 worms
  4 dart slugs
  10 orcs
  5 endoplasms
  5 giant cockroaches
  6 goblins
  7 hobgoblins
  6 kobolds
  2 quokkas
  A ball python (D:3)
  A rat (D:2)
75 creatures vanquished.

Notes
Turn   | Place    | Note
-------+----------+-------------------------------------------
     0 | D:1      | Sonofthefire the Octopode Shapeshifter began the quest for
                  | the Orb.
     0 | D:1      | Reached XP level 1. HP: 13/13 MP: 1/1
   235 | D:1      | Reached skill level 2 in Fighting
   235 | D:1      | Reached XP level 2. HP: 19/19 MP: 2/2
   834 | D:2      | Reached skill level 3 in Fighting
   834 | D:2      | Reached XP level 3. HP: 26/26 MP: 3/3
   952 | D:2      | Noticed Natasha
   963 | D:2      | Killed Natasha
   964 | D:2      | Reached XP level 4. HP: 12/33 MP: 4/4
  1006 | D:2      | Noticed Natasha
  1017 | D:2      | Found a stormy altar of Qazlal.
  1034 | D:2      | Became a worshipper of Qazlal Stormbringer
  1093 | D:2      | Reached skill level 4 in Fighting
  1300 | D:2      | Killed Natasha
  1308 | D:2      | Noticed Natasha
  1319 | D:2      | Killed Natasha
  1320 | D:2      | Reached XP level 5. HP: 18/38 MP: 5/5
  1535 | D:2      | Reached skill level 5 in Fighting
  1702 | D:3      | Found an opulent altar of Gozag.
  2208 | D:3      | Reached XP level 6. HP: 34/46 MP: 6/6
  2391 | D:4      | Found a stormy altar of Qazlal.
  2670 | D:4      | Reached skill level 6 in Fighting
  2753 | D:4      | Reached * piety under Qazlal
  3097 | D:5      | Entered Level 5 of the Dungeon
  3142 | D:5      | Found a glowing golden altar of the Shining One.
  3273 | D:5      | Identified the staff of the Firefly {rElec rF- Will++ Air
                  | Earth}
  3319 | D:5      | Found a shimmering blue altar of Sif Muna.
  3449 | D:5      | Got Sif Muna's Tome of Superposition
  3590 | D:5      | Reached skill level 7 in Fighting
  3590 | D:5      | Reached XP level 7. HP: 47/54 MP: 7/7
  3697 | D:5      | Found a shadowy altar of Dithmenos.
  3896 | D:5      | Found a staircase to the Ecumenical Temple.
  4288 | D:6      | Slain by a gnoll

Illustrated notes

Levels and vault maps discovered:
D:1:      lightli_iron_boxes, layout_basic
D:2:      layout_rooms, basic_altar, uniq_natasha
D:3:      layout_basic, nicolae_gozag_seed_capital
D:4:      layout_basic, nicolae_qazlal_scattered_showers
D:5:      layout_rooms, nicolae_dithmenos_shadow_blocks,
          nicolae_overflow_crystal_walls, led_sif_book,
          minmay_temple_entry_offerings, serial_park_tiny_1
D:6:      layout_cave_pods, marbit_many_paths, nicolae_overflow_hidden_temple,
          portal_sewer_entry_e, uniq_menkaure

Skill      XL: |  1  2  3  4  5  6  7 |
---------------+----------------------+-----
Fighting       | 2 3 4 5 7 |  7.1
Dodging        | 4 |  4.0
Unarmed Combat | |  3.0
Shapeshifting  | |  3.0

Action                     |  1- 3 |  4- 6 |  7- 9 || total
---------------------------+-------+-------+-------++-------
  Melee: Unarmed           |    40 |   112 |    33 ||   185
         Tentacles         |     8 |    31 |    12 ||    51
         Constrict         |     8 |    28 |     8 ||    44
         Punch             |     2 |     8 |     4 ||    14
   Stab: Sleeping          |     5 |     3 |       ||     8
 Armour: Skin              |    14 |    53 |    26 ||    93
  Dodge: Dodged            |    17 |    51 |    29 ||    97
  Block: Other             |       |       |     2 ||     2

Table legend: (Time is in decaauts)
 A = Elapsed time spent in this place.
 B = Non-inter-level travel time spent in this place.
 C = Inter-level travel time spent in this place.
 D = Time resting spent in this place.
 E = Time spent auto-exploring this place.
 F = Levels seen in this place.
 G = Mean time per level.
                   A        B        C        D        E       F      G
               +--------+--------+--------+--------+--------+-----+--------+
         Total |   4299 |   4138 |    161 |    966 |   2555 |   6 |  716.5 |
       Dungeon |   4299 |   4138 |    161 |    966 |   2555 |   6 |  716.5 |
               +--------+--------+--------+--------+--------+-----+--------+

Top non-repeatable levels by time:
     D:5: 1002 daAuts
     D:1: 894 daAuts
     D:2: 800 daAuts
     D:4: 711 daAuts
     D:3: 706 daAuts
     D:6: 184 daAuts
